 Dungeon Crawl Stone Soup version 0.31-a0-1227-g0136665373 (webtiles) character file.

Game seed: 15423504622655192698

790 BubbleThief the Grave Robber (level 7, -4/62 HPs)
             Began as a Demonspawn Necromancer on Dec 14, 2023.
             Slain by Grinder (6 damage)
             ... on level 3 of the Dungeon.
             The game lasted 00:09:54 (4080 turns).

BubbleThief the Grave Robber (DsNe)                 Turns: 4080, Time: 00:09:54

Health: -4/62      AC:  7    Str:  9    XL:     7   Next: 57%
Magic:  11/11      EV: 12    Int: 17    God:
Gold:   125        SH:  5    Dex: 13    Spells: 4/12 levels left

rFire   . . .        r - +2 flail (drain)
rCold   . . .        (no shield)
rNeg    . . .        a - +0 robe
rPois   .            (no helmet)
rElec   .            (no cloak)
rCorr   .            o - +1 pair of gloves
SInv    .            (no boots)
Will    .....        b - amulet of reflection
Stlth   ++           (no ring)
HPRegen 0.30/turn    (no ring)
MPRegen 0.12/turn

%: reflection
@: no status effects
A: rugged brown scales 3
a: no special abilities


You were on level 3 of the Dungeon.
You visited 1 branch of the dungeon, and saw 4 of its levels.

You collected 125 gold pieces.

Inventory:

Hand Weapons
 d - a +0 short sword
 r - a +2 flail of draining (weapon)
Armour
 a - a +0 robe (worn)
 o - a +1 pair of gloves (worn)
Jewellery
 b - an amulet of reflection (around neck)
Wands
 k - a wand of digging (6)
Scrolls
 e - a scroll of teleportation {unknown}
 f - a scroll of fear {unknown}
 g - 8 scrolls of identify {unknown}
 i - a scroll of amnesia {unknown}
 m - a scroll of fog {unknown}
 p - 3 scrolls of silence {unknown}
 q - a scroll of vulnerability {unknown}
 s - a scroll of blinking {unknown}
Potions
 c - 2 potions of curing {unknown}
 h - 2 potions of brilliance {unknown}
 j - a potion of heal wounds {unknown}
 l - a potion of enlightenment {unknown}
 n - a potion of haste {unknown}


   Skills:
 + Level 6.2 Fighting
 - Level 1.7 Dodging
 - Level 1.7 Stealth
 - Level 3.0 Spellcasting
 - Level 7.0 Necromancy


You had 4 spell levels left.
You knew the following spells:

 Your Spells              Type           Power      Damage    Failure   Level
a - Necrotise             Necr           100%       1d9       1%          1
b - Vampiric Draining     Necr           26%        2d7       3%          3
c - Animate Dead          Necr           26%        N/A       10%         4

Your spell library contained the following spells:

 Spells                   Type           Power      Damage    Failure   Level
 Magic Dart               Conj           8%         1d3       17%         1
 Call Imp                 Summ           4%         N/A       26%         2
 Mephitic Cloud           Conj/Pois/Air  2%         N/A       45%         3
 Agony                    Necr           26%        N/A       26%         5
 Chain Lightning          Conj/Air       1%         3d1       100%        9
 Fire Storm               Conj/Fire      1%         7d1       100%        9
 Shatter                  Erth           1%         3d5*      100%        9


Dungeon Overview and Level Annotations

Branches:
Dungeon (4/15)
 Temple: D:4-7

Altars:
Gozag

Annotations:
D:3 Grinder


Innate Abilities, Weirdness & Mutations

You are completely covered in rugged brown scales. (AC +3, +7% HP)


Message History

Grinder is lightly wounded.
Grinder gestures at you. Pain shoots through your body!
You hit Grinder.
Grinder is moderately wounded.
Grinder hits you! Grinder misses you.
You hit Grinder.
Grinder is heavily wounded.
Grinder gestures at you. Pain shoots through your body!
* * * LOW HITPOINT WARNING * * *
You hit Grinder but do no damage.
Grinder is heavily wounded.
Grinder gestures at you. Pain shoots through your body!
* * * LOW HITPOINT WARNING * * *
Grinder completely misses you.
Unknown command.
You sock Grinder!
Grinder is severely wounded.
You block Grinder's attack.
Unknown command.
You hit Grinder.
Grinder is severely wounded.
Grinder gestures at you.
You suddenly lose the ability to move!
Grinder hits you.
* * * LOW HITPOINT WARNING * * *
You writhe in agony.
* * * LOW HITPOINT WARNING * * *
Grinder gestures at you.
You struggle to resist.
You can move again.
You hit Grinder.
Grinder is severely wounded.
Grinder hits you.
* * * LOW HITPOINT WARNING * * *
You writhe in agony.
You die...
Grinder says, "Now the real fun starts!"

.......#.......#####
)......##.....#....#
.......###...##....#
.......# ######....#
...#########.......#
...................#
[.........##.......#
...................#
...........#....@..#
...........#.....5.#
..........##.#######
..........#..#
............##
............#
............#
............#
#############


You could see Grinder.

Vanquished Creatures
  Sigmund (D:2)
  Menkaure (D:4)
  A black bear (D:4)
  A phantom (D:4)
  A hound (D:4)
  An orc priest (D:3)
  An iguana (D:4)
  Natasha (twice) (D:4)
  Terence (D:3)
  3 gnolls (D:4)
  6 adders
  A worm (D:3)
  A dart slug (D:1)
  6 orcs
  3 ball pythons
  2 bats (D:1)
  6 endoplasms
  4 giant cockroaches
  7 goblins
  5 hobgoblins
  2 jackals (D:2)
  7 kobolds
  5 quokkas
  3 frilled lizards
  2 rats
73 creatures vanquished.

Vanquished Creatures (collateral kills)
  A gnoll (D:4)
  2 endoplasms (D:2)
  A hobgoblin (D:4)
  A frilled lizard (D:1)
5 creatures vanquished.

Grand Total: 78 creatures vanquished

Notes
Turn   | Place    | Note
-------+----------+-------------------------------------------
     0 | D:1      | BubbleThief the Demonspawn Necromancer began the quest for
                  | the Orb.
     0 | D:1      | Reached XP level 1. HP: 13/13 MP: 3/3
    79 | D:1      | Found a faded altar of an unknown god.
   231 | D:1      | Gained mutation: You are partially covered in rugged brown
                  | scales. (AC +1, +3% HP) [demonic ancestry]
   231 | D:1      | Reached XP level 2. HP: 11/19 MP: 0/5
   544 | D:1      | Reached skill level 5 in Necromancy
   806 | D:2      | Found an opulent altar of Gozag.
   911 | D:2      | Gained mutation: You are mostly covered in rugged brown
                  | scales. (AC +2, +5% HP) [demonic ancestry]
   911 | D:2      | Reached XP level 3. HP: 19/25 MP: 0/6
  1458 | D:2      | Noticed Sigmund
  1603 | D:3      | Reached XP level 4. HP: 31/31 MP: 3/8
  1739 | D:3      | Reached skill level 6 in Necromancy
  1828 | D:3      | Noticed Grinder
  1910 | D:2      | Killed Sigmund
  1911 | D:2      | Reached skill level 7 in Necromancy
  1911 | D:2      | Reached XP level 5. HP: 20/39 MP: 6/9
  1911 | D:2      | Gained mutation: You are completely covered in rugged brown
                  | scales. (AC +3, +7% HP) [demonic ancestry]
  1911 | D:2      | Reached XP level 6. HP: 20/47 MP: 6/10
  2038 | D:2      | Learned a level 3 spell: Vampiric Draining
  2043 | D:2      | Learned a level 4 spell: Animate Dead
  2383 | D:3      | Noticed Terence
  2386 | D:3      | Killed Terence
  3177 | D:4      | Noticed Natasha
  3182 | D:4      | Killed Natasha
  3654 | D:4      | Noticed Natasha
  3656 | D:4      | Killed Natasha
  3657 | D:4      | Reached XP level 7. HP: 58/58 MP: 8/11
  3735 | D:4      | Reached skill level 5 in Fighting
  3895 | D:4      | Noticed Menkaure
  3899 | D:4      | Killed Menkaure
  4077 | D:3      | Paralysed by Grinder for 3 turns
  4080 | D:3      | HP: 2/62 [Grinder (5)]
  4080 | D:3      | Slain by Grinder

Illustrated notes

Levels and vault maps discovered:
D:1:      saegor_arrival_under_anarchy, layout_rooms,
          hellmonk_ecumenical_altar_run_dry, serial_bayou_pond_d,
          nicolae_the_louvre
D:2:      layout_basic, basic_altar, corexii_shack, grunt_decor_cap,
          uniq_sigmund
D:3:      layout_rooms, uniq_grinder, uniq_terence
D:4:      layout_gridville, uniq_natasha, uniq_menkaure

Skill      XL: |  1  2  3  4  5  6  7 |
---------------+----------------------+-----
Necromancy     | 5 7 |  7.0
Spellcasting   | 3 |  3.0
Fighting       | 2 4 6 |  6.2
Dodging        | |  1.7
Stealth        | |  1.7

Action                     |  1- 3 |  4- 6 |  7- 9 || total
---------------------------+-------+-------+-------++-------
  Melee: Short sword       |    23 |    72 |     6 ||   101
         Unarmed           |     2 |       |       ||     2
         Punch             |       |     2 |       ||     2
         Flail             |       |       |    18 ||    18
   Cast: Necrotise         |    57 |    82 |    19 ||   158
    Use: Potion            |       |     1 |       ||     1
         Scroll            |       |     1 |       ||     1
 Armour: Robe              |    21 |    50 |    39 ||   110
  Dodge: Dodged            |    23 |    48 |    22 ||    93
  Block: Other             |       |    10 |    17 ||    27

Table legend: (Time is in decaauts)
 A = Elapsed time spent in this place.
 B = Non-inter-level travel time spent in this place.
 C = Inter-level travel time spent in this place.
 D = Time resting spent in this place.
 E = Time spent auto-exploring this place.
 F = Levels seen in this place.
 G = Mean time per level.
                   A        B        C        D        E       F      G
               +--------+--------+--------+--------+--------+-----+--------+
         Total |   4094 |   4009 |     85 |     74 |   3313 |   4 | 1023.5 |
       Dungeon |   4094 |   4009 |     85 |     74 |   3313 |   4 | 1023.5 |
               +--------+--------+--------+--------+--------+-----+--------+

Top non-repeatable levels by time:
     D:4: 1357 daAuts
     D:2: 1173 daAuts
     D:1: 805 daAuts
     D:3: 758 daAuts
